 Dungeon Sprint DCSS version 0.22.1-1-ga44c0e56f4 (webtiles) character file.

93 Freyura the Cudgeler (level 4, -13/31 HPs)
             Began as a Gargoyle Fighter on Sept 30, 2018.
             Mangled by a tyrant leech (23 damage)
             ... in the Dungeon (Sprint II: "The Violet Keep of Menkaure").
             The game lasted 00:00:46 (107 turns).

Freyura the Cudgeler (Gargoyle Fighter)              Turns: 107, Time: 00:00:46

Health: -13/31     AC: 10    Str: 19    XL:     4   Next: 61%
Magic:  4/4        EV:  8    Int:  9    God:
Gold:   0          SH:  9    Dex: 10    Spells: 3/3 levels left

rFire    . . .     SeeInvis .   a - +0 flail
rCold    . . .     Gourm    .   c - +0 shield
rNeg     + . .     Faith    .   b - +0 scale mail
rPois    ∞         Spirit   .   (no helmet)
rElec    +         Reflect  .   (no cloak)
rCorr    .         Harm     .   (no gloves)
MR       .....     NoTele   +   (no boots)
Stlth    ..........             (no amulet)
HPRegen  0.10/turn              (no ring)
MPRegen  0.09/turn              (no ring)

@: no status effects
A: negative energy resistance 1, electricity resistance, unbreathing,
petrification resistance, rot immunity, AC +3
a: no special abilities


You were in the Dungeon.
You were not hungry.

You visited 1 branch

Inventory:

Hand Weapons
 a - a +0 flail (weapon)
Armour
 b - a +0 scale mail (worn)
 c - a +0 shield (worn)
Scrolls
 k - a scroll of blinking
Potions
 d - a potion of might
 e - a potion of curing
 g - a potion of heal wounds
 h - a potion of haste
 i - 2 potions of magic
 j - a potion of berserk rage
Comestibles
 f - a ration


   Skills:
 + Level 5.0 Fighting
 * Level 5.4 Maces & Flails
 + Level 5.0 Armour
 + Level 2.6 Dodging
 + Level 5.0 Shields


You had 3 spell levels left.
You didn't know any spells.
Your spell library was empty.

Dungeon Overview and Level Annotations

Branches:
Dungeon (1/1)

Altars:

Annotations:
D Menkaure


Innate Abilities, Weirdness & Mutations

You are resistant to torment.
Your stone body is resilient. (AC +3)
You are immune to poison.
You resist negative energy. (rN+)
You are resistant to electric shocks. (rElec)
You can survive without breathing.
You are immune to petrification.
You are immune to rotting.


Message History

A tyrant leech comes into view.
A tyrant leech and Menkaure come into view.
Menkaure shouts!
Menkaure sighs in an indecipherable tongue.
Menkaure calls on the powers of darkness!
The tyrant leech convulses! x2; Your body is wracked with pain!
You closely miss the tyrant leech.
The tyrant leech is heavily wounded.
The tyrant leech bites you!
* * * LOW HITPOINT WARNING * * *
Menkaure mumbles some strange words.
Menkaure seems to speed up.
You closely miss the tyrant leech.
The tyrant leech is heavily wounded.
You block the tyrant leech's attack.
You sock the tyrant leech!
The tyrant leech is severely wounded.
The tyrant leech bites you!!
Ouch! That really hurt!
You die...

### ###
.. .. .#.
# #†# .##
##.##wM.#
+.<@w#
##.##..$#
#+# .## #


You could see 2 tyrant leeches and Menkaure.

Vanquished Creatures
  4 worker ants (D)
4 creatures vanquished.

Vanquished Creatures (others)
  A crocodile (D)
1 creature vanquished.

Grand Total: 5 creatures vanquished

Notes
Turn   | Place    | Note
-------+----------+-------------------------------------------
     0 | D        | Freyura the Gargoyle Fighter began the quest for the Orb.
     0 | D        | Reached XP level 1. HP: 14/14 MP: 1/1
     1 | D        | Noticed a worker ant
     1 | D        | Noticed a worker ant
     1 | D        | Noticed a worker ant
     1 | D        | Noticed a worker ant
    14 | D        | Killed a worker ant
    14 | D        | Reached skill level 1 in Dodging
    14 | D        | Reached XP level 2. HP: 13/20 MP: 2/2
    14 | D        | Reached XP level 3. HP: 16/24 MP: 3/3
    25 | D        | Reached skill level 5 in Maces & Flails
    25 | D        | Reached XP level 4. HP: 12/30 MP: 4/4
    28 | D        | Killed a crocodile
    31 | D        | Reached skill level 5 in Fighting
    31 | D        | Reached skill level 5 in Armour
    31 | D        | Reached skill level 5 in Shields
   103 | D        | Noticed a tyrant leech
   103 | D        | Noticed a tyrant leech
   103 | D        | Noticed Menkaure
   107 | D        | Mangled by a tyrant leech

Skill      XL: |  1  2  3  4 |
---------------+-------------+-----
Fighting       | 4 5 |  5.0
Maces & Flails | 3 5 |  5.4
Armour         | 4 5 |  5.0
Dodging        | 1 2 |  2.6
Shields        | 4 5 |  5.0

Action                   |  1- 3 |  4- 6 || total
-------------------------+-------+-------++-------
Melee: Flail             |    23 |     9 ||    32
Armor: Scale mail        |    10 |       ||    10
Dodge: Dodged            |     5 |     1 ||     6
Block: Shield            |    14 |     8 ||    22
